[Event "Titled Tuesday Blitz August 09 Early 2022"]
[White "Grot, Blazej"]
[Black "Chyzy, Jakub"]
[WhiteFideId "21835845"]
[BlackFideId "21806209"]
[WhiteElo "1614"]
[BlackElo "2023"]
[Result "0-1"]
[Round "03"]
[TimeControl "180+1"]
[Date "2022.08.09"]
[WhiteClock "0:01:01"]
[BlackClock "0:00:04"]

1. e4 Nf6 2. d3 e5 3. Nf3 Nc6 4. g3 d5 5. Nbd2 dxe4 6. dxe4 Bc5 7. Bg2 O-O 8. O-O Bg4 9. c3 a5 10. Qc2 Qe7 11. a4 Rad8 12. Nc4 Bh5 13. Be3 Bg6 14. Nfd2 Rd7 15. Rad1 Rfd8 16. b3 Bh5 17. f3 Bxe3+ 18. Nxe3 Qc5 19. Nc4 Rxd1 20. Rxd1 Rxd1+ 21. Qxd1 Nxe4 22. Qd7 Nxc3 23. Qxc7 h6 24. Qxb7 Nd5 25. Qc8+ Kh7 26. Kf2 Nxe3 27. Nxe3 Bg6 28. f4 exf4 29. gxf4 Nb4 30. Qxc5 Nd3+ 31. Ke2 Nxc5 32. Bd5 f6 33. Kd2 h5 34. Kc3 h4 35. Nc4 Bf5 36. Nxa5 g5 37. fxg5 fxg5 38. b4 Nxa4+ 39. Kb3 Nb6 40. Bg2 Kg6 41. Nc6 g4 42. Ne7+ Kg5 43. b5 Kf4 44. Nxf5 Kxf5 45. Kb4 Nd7 46. Ka5 Kf4 47. b6 Nxb6 48. Kxb6 Ke3 49. Kc5 Kf2 50. Bc6 h3 51. Kd4 Kg1 52. Ke3 Kxh2 53. Kf4 g3 54. Kf3 g2 55. Ke2 g1=Q 0-1


[Site "https://www.chess.com"]

[Event "Titled Tuesday Blitz August 09 Early 2022"]
[White "Gubanov, Oleg"]
[Black "Navarrete Mendez, Gonzalo Alberto"]
[WhiteFideId "14115115"]
[BlackFideId "5106850"]
[WhiteElo "2080"]
[BlackElo "2261"]
[Result "1-0"]
[Round "03"]
[TimeControl "180+1"]
[Date "2022.08.09"]
[WhiteClock "0:00:09"]
[BlackClock "0:00:02"]

1. e4 e5 2. Nf3 Nc6 3. c3 d5 4. Qa4 Nf6 5. Nxe5 Bd6 6. Nxc6 bxc6 7. d4 Nxe4 8. Qxc6+ Bd7 9. Qxd5 O-O 10. Be3 Re8 11. Bd3 Qh4 12. Bxe4 Rab8 13. g3 Qxe4 14. Qxe4 Rxe4 15. Nd2 Re6 16. Nc4 Bc6 17. Rg1 Be7 18. b3 Bd5 19. Ne5 c5 20. Kd2 cxd4 21. Bxd4 Rd8 22. Nd3 f5 23. Rge1 Be4 24. f3 Bd5 25. Rxe6 Bxe6 26. Re1 Rd6 27. Nf4 Rxd4+ 28. cxd4 Bb4+ 29. Kd1 Bd7 30. Re5 a5 31. Rd5 Bc6 32. Rd8+ Kf7 33. d5 Bb5 34. Rb8 Bf1 35. Kc2 g5 36. Rb7+ Kf6 37. Nd3 Bg2 38. Nxb4 axb4 39. Rxb4 Bxf3 40. Rb6+ Ke5 41. d6 Ke6 42. Kd3 Be4+ 43. Ke3 h5 44. a4 Bc2 45. a5 1-0


[Site "https://www.chess.com"]

[Event "Titled Tuesday Blitz August 09 Early 2022"]
[White "Gurel, Ediz"]
[Black "Calugar, Arthur"]
[WhiteFideId "44507356"]
[BlackFideId "2606933"]
[WhiteElo "2825"]
[BlackElo "2657"]
[Result "1-0"]
[Round "03"]
[TimeControl "180+1"]
[Date "2022.08.09"]
[WhiteClock "0:00:14"]
[BlackClock "0:00:17"]

1. e4 c5 2. Nf3 Nc6 3. d4 cxd4 4. Nxd4 Nf6 5. Nc3 d6 6. Bg5 e6 7. Qd2 a6 8. Nxc6 bxc6 9. O-O-O h6 10. Bf4 d5 11. Qe3 Be7 12. Bd3 d4 13. Qf3 dxc3 14. g4 Qa5 15. Kb1 e5 16. Bc1 Bxg4 17. Qg3 Bxd1 18. Rxd1 g6 19. Bc4 cxb2 20. Bd2 Qc5 21. Qb3 O-O 22. Rg1 Kg7 23. Bxh6+ Kxh6 24. Bxf7 Rxf7 25. Qxf7 Rg8 26. Rg3 Rg7 27. Rh3+ Nh5 28. Qe8 Qxf2 29. Rb3 Bc5 30. Kxb2 Bd4+ 31. Ka3 Qxc2 32. Qh8+ Rh7 33. Qf8+ Rg7 34. Qh8+ Kg5 35. Qd8+ Kg4 36. h3+ Kf4 37. Qh4# 1-0


[Site "https://www.chess.com"]

[Event "Titled Tuesday Blitz August 09 Early 2022"]
[White "Gurevich, Dmitry"]
[Black "Ziatdinov, Raset"]
[WhiteFideId "2000407"]
[BlackFideId "2015323"]
[WhiteElo "2506"]
[BlackElo "2220"]
[Result "1-0"]
[Round "03"]
[TimeControl "180+1"]
[Date "2022.08.09"]
[WhiteClock "0:02:13"]
[BlackClock "0:02:05"]

1. d4 Nf6 2. c4 g6 3. Nc3 Bg7 4. e4 d6 5. Nf3 O-O 6. Be2 e5 7. O-O Nc6 8. d5 Ne7 9. Ne1 Ne8 10. Be3 f5 11. f3 Nf6 12. c5 c6 13. dxc6 bxc6 14. cxd6 Ned5 15. exd5 cxd5 16. Nxd5 Qxd6 17. Nxf6+ Qxf6 18. Rc1 Be6 19. Rc6 Qf7 20. b3 Bd5 21. Rd6 Be6 22. Rxe6 1-0


[Site "https://www.chess.com"]

[Event "Titled Tuesday Blitz August 09 Early 2022"]
[White "Hajiyev, Kanan"]
[Black "Broca Jimenez, Fernando"]
[WhiteFideId "13404148"]
[BlackFideId "5104742"]
[WhiteElo "2118"]
[BlackElo "2062"]
[Result "1-0"]
[Round "03"]
[TimeControl "180+1"]
[Date "2022.08.09"]
[WhiteClock "0:01:46"]
[BlackClock "0:00:04"]

1. d4 Nf6 2. Nf3 g6 3. c4 Bg7 4. g3 d6 5. Bg2 O-O 6. O-O Nbd7 7. Nc3 e5 8. b3 c6 9. Bb2 Qc7 10. e4 Re8 11. Qd2 Nf8 12. h3 h6 13. Rad1 g5 14. Rfe1 Ng6 15. c5 dxc5 16. dxe5 Nxe5 17. Nxe5 Rxe5 18. Na4 Re8 19. Nxc5 Be6 20. Qb4 b6 21. Nxe6 Rxe6 22. Rc1 Rd8 23. Qc3 c5 24. b4 Ne8 25. Qc2 Bxb2 26. Qxb2 Qe5 27. Qc2 cxb4 28. Qa4 a5 29. Kh2 Rd2 30. Rc2 Red6 31. f4 Qd4 32. Qxe8+ Kg7 33. Re2 Rxc2 34. Rxc2 Qd3 35. Qe5+ Kh7 36. fxg5 hxg5 37. Rf2 f6 38. Rxf6 Rxf6 39. Qxf6 1-0


[Site "https://www.chess.com"]

[Event "Titled Tuesday Blitz August 09 Early 2022"]
[White "Hambleton, Aman"]
[Black "Omelja, Artem"]
[WhiteFideId "2606577"]
[BlackFideId "14119846"]
[WhiteElo "2538"]
[BlackElo "2382"]
[Result "1-0"]
[Round "03"]
[TimeControl "180+1"]
[Date "2022.08.09"]
[WhiteClock "0:00:10"]
[BlackClock "0:00:08"]

1. d4 d5 2. Bf4 Nf6 3. e3 c5 4. c3 Nc6 5. Nd2 Bf5 6. Qb3 Qc8 7. Ngf3 e6 8. Be2 Be7 9. O-O O-O 10. h3 c4 11. Qd1 b5 12. Nh4 Be4 13. f3 Bd3 14. Bxd3 cxd3 15. g4 Nxg4 16. hxg4 Bxh4 17. Nb3 f5 18. Nc5 e5 19. dxe5 Nxe5 20. Bxe5 Qxc5 21. Qxd3 Rae8 22. Bd4 Qd6 23. Qc2 Bf6 24. gxf5 Bxd4 25. exd4 Qg3+ 26. Qg2 Qf4 27. Rae1 Qxf5 28. Qg4 Qxg4+ 29. fxg4 Rxf1+ 30. Kxf1 Rxe1+ 31. Kxe1 Kf7 32. Kf2 Kg6 33. Kf3 Kg5 34. b3 h5 35. gxh5 Kxh5 36. Kf4 Kg6 37. Ke5 Kg5 38. Kxd5 Kf4 39. c4 g5 40. c5 g4 41. c6 g3 42. c7 g2 43. c8=Q g1=Q 44. Qf8+ Ke3 45. Qe7+ Kd3 46. Qxa7 Qg5+ 47. Kc6 Kc3 48. Qc5+ Qxc5+ 49. Kxc5 Kb2 50. b4 Kxa2 51. d5 Ka3 52. d6 Ka4 53. d7 Kb3 54. d8=Q Ka4 55. Qa5+ 1-0


[Site "https://www.chess.com"]

[Event "Titled Tuesday Blitz August 09 Early 2022"]
[White "Harsh Suresh"]
[Black "Devaev, Alexander"]
[WhiteFideId "45018464"]
[BlackFideId "4169395"]
[WhiteElo "2070"]
[BlackElo "2185"]
[Result "1/2-1/2"]
[Round "03"]
[TimeControl "180+1"]
[Date "2022.08.09"]
[WhiteClock "0:00:07"]
[BlackClock "0:00:16"]

1. e4 c6 2. d3 d5 3. Nd2 Nf6 4. Ngf3 Bg4 5. Be2 e6 6. O-O Nbd7 7. h3 Bh5 8. e5 Ng8 9. d4 Bxf3 10. Nxf3 Ne7 11. g3 Rc8 12. c3 c5 13. Be3 Nc6 14. a3 Be7 15. b4 cxd4 16. cxd4 Nb6 17. Nd2 O-O 18. Rc1 Nb8 19. Nb3 Nc4 20. Bxc4 dxc4 21. Nd2 b5 22. Ne4 Nd7 23. h4 Nb6 24. Bg5 Nd5 25. Qf3 a6 26. Kg2 Qd7 27. Rfd1 Rc7 28. Bxe7 Qxe7 29. Nc5 Ra8 30. h5 h6 31. Ra1 a5 32. Qe4 Rca7 33. Qe1 Qe8 34. g4 Qc6 35. Kg3 axb4 36. axb4 Rxa1 37. Rxa1 Rxa1 38. Qxa1 Nxb4 39. Qa7 Nd3 40. Nd7 Qc8 41. Nb6 Qd8 42. Nd7 c3 43. Nc5 Nxc5 44. Qxc5 Qa5 45. Qc8+ Kh7 46. d5 exd5 47. Qf5+ Kg8 48. Qc8+ Kh7 49. Qf5+ Kg8 50. Qc8+ Kh7 1/2-1/2


[Site "https://www.chess.com"]

[Event "Titled Tuesday Blitz August 09 Early 2022"]
[White "Horcajuelo Rocamora, Martin"]
[Black "Sadykov, Ramil"]
[WhiteFideId "24573027"]
[BlackFideId "24113590"]
[WhiteElo "1882"]
[BlackElo "2243"]
[Result "1-0"]
[Round "03"]
[TimeControl "180+1"]
[Date "2022.08.09"]
[WhiteClock "0:00:48"]
[BlackClock "0:00:02"]

1. e4 c5 2. Nf3 e6 3. d4 cxd4 4. Nxd4 Nc6 5. Nc3 Qc7 6. g3 Nxd4 7. Qxd4 a6 8. Bg2 Ne7 9. Bf4 Qa5 10. O-O Nc6 11. Qd2 Be7 12. a3 O-O 13. b4 Qd8 14. Na4 b5 15. Nb2 e5 16. Be3 d6 17. c4 Be6 18. Rac1 Qd7 19. Rfd1 Qe8 20. Bf1 Rb8 21. f4 exf4 22. gxf4 f5 23. cxb5 axb5 24. exf5 Rxf5 25. Bh3 Kh8 26. Bxf5 Bxf5 27. Nd3 Be4 28. Qf2 Qg6+ 29. Qg3 Qf5 30. Nf2 Nd8 31. Bd4 Bf6 32. Bxf6 gxf6 33. Rxd6 Nf7 34. Rc5 Qg6 35. Qxg6 Bxg6 36. Rxf6 Kg7 37. Ra6 Rd8 38. f5 Bh5 39. f6+ Kg6 40. Ne4 Bf3 41. Ng3 Rd2 42. Ra7 Rg2+ 43. Kf1 Rxh2 44. Nf5 Ng5 45. Ne7+ Kf7 46. Nd5+ Kg6 47. Rg7+ Kh6 48. Rxg5 Kxg5 49. f7 Bxd5 50. Rxd5+ Kg6 51. f8=Q 1-0


[Site "https://www.chess.com"]

[Event "Titled Tuesday Blitz August 09 Early 2022"]
[White "Hosseinzadeh, Nima"]
[Black "Lima, Kleyton Alcantara"]
[WhiteFideId "12505323"]
[BlackFideId "22718397"]
[WhiteElo "2045"]
[BlackElo "1951"]
[Result "1-0"]
[Round "03"]
[TimeControl "180+1"]
[Date "2022.08.09"]
[WhiteClock "0:00:07"]
[BlackClock "0:00:03"]

1. e4 c5 2. Nf3 d6 3. d4 cxd4 4. Nxd4 Nf6 5. Nc3 a6 6. h3 e5 7. Nb3 Be7 8. g4 h6 9. Be3 Nbd7 10. a4 b6 11. Bc4 Nf8 12. Qd3 Qc7 13. O-O-O Be6 14. Bxa6 N8d7 15. Bb5 O-O 16. Kb1 Nc5 17. Nxc5 bxc5 18. Bc4 Rfb8 19. Bxe6 fxe6 20. Qc4 Kf7 21. Nb5 Qc6 22. f3 d5 23. exd5 exd5 24. Qa2 Kf8 25. g5 hxg5 26. Bxg5 c4 27. Rhe1 Qc5 28. Nc3 d4 29. Bxf6 Bxf6 30. Ne4 Qb4 31. b3 cxb3 32. cxb3 Rxa4 33. Qb2 Qxb3 34. Qxb3 Rxb3+ 35. Kc2 Rxf3 36. Ra1 Rc4+ 37. Kd2 Rxh3 38. Ra8+ Kf7 39. Nd6+ Ke6 40. Nxc4 Kd5 41. Nxe5 Rh2+ 42. Kd3 Rh3+ 43. Kd2 Rh2+ 44. Kd1 Bxe5 45. Ra5+ Kc4 46. Rexe5 Kd3 47. Ra3+ Kc4 48. Rg3 Rh1+ 49. Re1 Rh2 50. Reg1 g6 51. Rxg6 Ra2 52. R6g2 Ra1+ 53. Ke2 Ra2+ 54. Kf3 Ra3+ 55. Ke4 Re3+ 56. Kf4 Re8 57. Rc1+ Kd3 58. Rd1+ Kc3 59. Rgd2 Rd8 60. Rd3+ Kc4 61. Ke4 Re8+ 62. Kf5 Rd8 63. Ke5 Re8+ 64. Kf5 Rf8+ 65. Ke6 Rd8 66. Ke7 Rd5 67. Ke6 Rd8 68. Ke5 Re8+ 69. Kd6 Rd8+ 70. Kc7 Rd5 71. Kc6 Rc5+ 72. Kb6 Rb5+ 73. Ka6 Rd5 74. R1d2 Rd8 75. Ka5 Kc5 76. Ka4 Kc4 77. Ka3 Ra8+ 78. Kb2 Rb8+ 79. Kc2 Rd8 80. Ra3 Rd7 81. Rdd3 Rd8 82. Kd2 Rd7 83. Ra4+ Kc5 84. Rda3 Rh7 85. Ra5+ Kc4 86. R3a4+ Kb3 87. Rxd4 Rh2+ 88. Kc1 Rh1+ 89. Rd1 Rh2 90. Rad5 Kc3 91. R5d3+ Kc4 92. R1d2 Rh1+ 93. Kc2 Rh8 94. Rd4+ Kc5 95. Kc3 Ra8 96. Rd5+ Kc6 97. Rd6+ Kc7 98. Rh6 Ra3+ 99. Kb4 Rg3 100. Rf2 Rg4+ 101. Kc5 Rg5+ 102. Kd4 Rg7 103. Rf5 Kb7 104. Kc5 Rc7+ 105. Kb5 Rg7 106. Rhf6 Rg1 107. Rf7+ Kc8 108. Kc6 Rc1+ 109. Rc5 Kd8 110. Rxc1 1-0


[Site "https://www.chess.com"]

[Event "Titled Tuesday Blitz August 09 Early 2022"]
[White "Hua, Lefong"]
[Black "Hoffmann, Asa"]
[WhiteFideId "2602253"]
[BlackFideId "2001470"]
[WhiteElo "2598"]
[BlackElo "2117"]
[Result "1-0"]
[Round "03"]
[TimeControl "180+1"]
[Date "2022.08.09"]
[WhiteClock "0:00:13"]
[BlackClock "0:00:23"]

1. d4 Nf6 2. c4 c5 3. d5 e5 4. Nc3 d6 5. e4 Be7 6. g3 O-O 7. Bg2 Na6 8. Nge2 Ne8 9. O-O Bd7 10. a4 Nb4 11. f4 Bf6 12. h3 b6 13. Kh2 a6 14. Ra3 Nc7 15. g4 exf4 16. Bxf4 Qe7 17. Ng3 b5 18. Re1 Be5 19. Qd2 bxc4 20. Bf1 Nd3 21. Bxd3 cxd3 22. Bxe5 Qxe5 23. Qxd3 Rab8 24. Re2 Rb4 25. Kg2 g6 26. Ra1 Rfb8 27. Ra2 Ne8 28. Qxa6 Nf6 29. Qd3 h5 30. gxh5 gxh5 31. Qf3 Kh8 32. Nf5 Rg8+ 33. Kh1 Bxf5 34. Qxf5 Qg3 35. Qxf6+ Rg7 36. Qf1 Rb8 37. Nd1 Rbg8 38. Ne3 Qe5 39. Nf5 Rg5 40. b3 Qc3 41. Re3 Qe5 42. a5 h4 43. a6 Rg3 44. Nxg3 hxg3 45. Kg2 1-0


[Site "https://www.chess.com"]

[Event "Titled Tuesday Blitz August 09 Early 2022"]
[White "Ismayil, Malak"]
[Black "Rangel, Daniel"]
[WhiteFideId "13412604"]
[BlackFideId "2124475"]
[WhiteElo "1879"]
[BlackElo "2225"]
[Result "1-0"]
[Round "03"]
[TimeControl "180+1"]
[Date "2022.08.09"]
[WhiteClock "0:01:13"]
[BlackClock "0:00:06"]

1. e4 c5 2. Nf3 g6 3. c3 Bg7 4. d4 cxd4 5. cxd4 d5 6. e5 Bg4 7. Nc3 e6 8. Be2 Ne7 9. O-O Nbc6 10. h3 Bxf3 11. Bxf3 O-O 12. Be3 Nf5 13. Qd2 Qb6 14. Rfd1 Nxe3 15. fxe3 Bh6 16. Qe2 Na5 17. b3 Rac8 18. Na4 Qa6 19. Kf2 b5 20. Nc5 Qb6 21. Nd7 Qd8 22. Nxf8 Kxf8 23. Rac1 Rxc1 24. Rxc1 Qh4+ 25. Kf1 Qg3 26. Rc8+ Kg7 27. Qf2 Qh2 28. Bxd5 Qh1+ 29. Ke2 f5 30. exf6+ Kf7 31. Rc7+ Ke8 32. Bxe6 Qc1 33. Rxc1 1-0


[Site "https://www.chess.com"]

[Event "Titled Tuesday Blitz August 09 Early 2022"]
[White "Jain, Naveen"]
[Black "Shpanko, Nadiia"]
[WhiteFideId "5003970"]
[BlackFideId "14132400"]
[WhiteElo "2036"]
[BlackElo "2139"]
[Result "1-0"]
[Round "03"]
[TimeControl "180+1"]
[Date "2022.08.09"]
[WhiteClock "0:00:35"]
[BlackClock "0:00:18"]

1. c4 c5 2. g3 Nc6 3. Bg2 Nf6 4. Nc3 g6 5. Nf3 Bg7 6. O-O O-O 7. a3 d5 8. cxd5 Nxd5 9. Nxd5 Qxd5 10. d3 Qd7 11. Rb1 a5 12. Be3 b6 13. d4 cxd4 14. Nxd4 Bxd4 15. Bxd4 Nxd4 16. Bxa8 Ba6 17. Bf3 Rd8 18. Kg2 Qe8 19. Qc1 Nxe2 20. Bxe2 Bxe2 21. Re1 Bd3 22. Ra1 e5 23. Qe3 Qc6+ 24. Kg1 e4 25. Rac1 Qb5 26. Qd2 h5 27. Rxe4 Kh7 28. Re3 Rd7 29. Qc3 Bf5 30. Qf6 Qd5 31. Re8 Qd4 32. Rh8# 1-0


[Site "https://www.chess.com"]

[Event "Titled Tuesday Blitz August 09 Early 2022"]
[White "Jaskolka, Tomasz"]
[Black "Mardov, Dimitar"]
[WhiteFideId "1170791"]
[BlackFideId "30919495"]
[WhiteElo "2073"]
[BlackElo "2185"]
[Result "0-1"]
[Round "03"]
[TimeControl "180+1"]
[Date "2022.08.09"]
[WhiteClock "0:00:16"]
[BlackClock "0:00:17"]

1. d4 Nf6 2. c4 e6 3. g3 d5 4. Bg2 dxc4 5. Nf3 Nc6 6. Qa4 Bb4+ 7. Bd2 Nd5 8. Bxb4 Nxb4 9. a3 b5 10. Qxb5 Nc2+ 11. Kd2 Nxa1 12. Qxc6+ Bd7 13. Qxc4 Rb8 14. b4 Ba4 15. Nc3 Nb3+ 16. Ke1 Na5 17. bxa5 Bd7 18. Ne5 O-O 19. f4 Qe7 20. Kf2 Be8 21. Qc5 Qxc5 22. dxc5 Rb3 23. Rc1 Rxa3 24. c6 Rxa5 25. Ne4 f6 26. Nd7 Rf7 27. Nec5 Re7 28. Rb1 Kf7 29. Rb7 a6 30. f5 exf5 31. Bd5+ Kg6 32. Bf3 Kh6 33. h4 Rb5 34. Ra7 a5 35. Rb7 Rb4 36. Ra7 Rb5 37. Rb7 Rb4 38. Nd3 Rc4 39. Rxc7 a4 40. Ra7 a3 41. N7c5 Rxa7 42. Ne6 Bxc6 43. Bxc6 Rxc6 44. Nef4 g5 45. Nd5 Rd6 46. Ne3 Rxd3 47. exd3 Kg6 48. Nc2 a2 49. Na1 Rb7 50. Ke3 Rb1 51. Nc2 a1=Q 52. Nxa1 Rxa1 53. hxg5 fxg5 54. Kf3 h5 55. Ke3 Rd1 56. Ke2 Ra1 57. Ke3 Ra8 58. d4 Rh8 59. Kf3 h4 60. g4 fxg4+ 61. Kxg4 h3 62. d5 h2 63. d6 h1=Q 64. d7 Qe4+ 65. Kg3 Qf4+ 66. Kg2 Rh2+ 67. Kg1 Qf2# 0-1


[Site "https://www.chess.com"]

[Event "Titled Tuesday Blitz August 09 Early 2022"]
[White "Jeet, Jain"]
[Black "Rose, Felix"]
[WhiteFideId "5073022"]
[BlackFideId "5105722"]
[WhiteElo "2055"]
[BlackElo "2039"]
[Result "1-0"]
[Round "03"]
[TimeControl "180+1"]
[Date "2022.08.09"]
[WhiteClock "0:01:09"]
[BlackClock "0:00:08"]

1. b3 e5 2. Bb2 Nc6 3. g3 Nf6 4. Bg2 d5 5. d3 Bd6 6. Nd2 O-O 7. Ngf3 Re8 8. e4 dxe4 9. dxe4 Be6 10. O-O Qe7 11. a3 a5 12. Qe2 Rad8 13. Rfe1 h6 14. Nc4 Nd7 15. Rad1 f6 16. Nxd6 cxd6 17. c4 Nc5 18. Qe3 a4 19. b4 Nb3 20. Bf1 Qf7 21. Qc3 Re7 22. c5 dxc5 23. Rxd8+ Nxd8 24. bxc5 Rc7 25. Rd1 Nc6 26. Bb5 Ncd4 27. Nxd4 Nxd4 28. Bf1 Qe7 29. Qb4 Qxc5 30. Qxa4 Nf3+ 31. Kg2 Ng5 32. h4 Bh3+ 33. Kh1 Qxf2 34. hxg5 Bxf1 35. Qe8+ 1-0


[Site "https://www.chess.com"]

[Event "Titled Tuesday Blitz August 09 Early 2022"]
[White "Kamsky, Gata"]
[Black "Rostomyan, Mikayel"]
[WhiteFideId "2000024"]
[BlackFideId "13313754"]
[WhiteElo "2666"]
[BlackElo "1426"]
[Result "1-0"]
[Round "03"]
[TimeControl "180+1"]
[Date "2022.08.09"]
[WhiteClock "0:00:18"]
[BlackClock "0:00:03"]

1. d4 Nf6 2. Nf3 c5 3. d5 b5 4. c4 b4 5. a3 a5 6. Nbd2 Bb7 7. e4 d6 8. a4 Nbd7 9. h3 g6 10. Bd3 Bg7 11. O-O Qc7 12. Rb1 Nh5 13. g3 O-O 14. b3 Rae8 15. Re1 Bc8 16. Nf1 Ne5 17. g4 Nxd3 18. Qxd3 Nf6 19. Ng3 Nd7 20. Bf4 h6 21. Qd2 Kh7 22. Kg2 e5 23. Be3 Nb6 24. Qc2 f6 25. Nd2 Rf7 26. f3 Ref8 27. f4 f5 28. exf5 gxf5 29. Nf3 Kg8 30. fxe5 fxg4 31. e6 Rxf3 32. hxg4 Be5 33. Qg6+ Qg7 34. Qxg7+ Kxg7 35. Nf5+ R3xf5 36. gxf5 Rxf5 37. Rf1 Kf6 38. Bxh6 Na8 39. Rxf5+ Kxf5 40. Rf1+ Kg6 41. Rf8 Kxh6 42. Rxc8 Nb6 43. Rb8 Nxc4 44. bxc4 Bf6 45. Kf3 Kg6 46. Ke4 Kg5 47. Rb6 Kg6 48. Rb5 Kg7 49. Rxa5 b3 50. Rb5 b2 51. a5 Kg6 52. a6 b1=Q+ 53. Rxb1 1-0


[Site "https://www.chess.com"]

[Event "Titled Tuesday Blitz August 09 Early 2022"]
[White "Kashefi, Amir Hosein"]
[Black "Ekdyshman, Mikhail"]
[WhiteFideId "12557935"]
[BlackFideId "4149416"]
[WhiteElo "1962"]
[BlackElo "2146"]
[Result "1-0"]
[Round "03"]
[TimeControl "180+1"]
[Date "2022.08.09"]
[WhiteClock "0:00:17"]
[BlackClock "0:00:01"]

1. d4 Nf6 2. c4 c5 3. Nf3 cxd4 4. Nxd4 Nc6 5. Nc3 Qb6 6. Nc2 Ne5 7. e3 e6 8. Be2 a6 9. O-O Be7 10. b3 Qc7 11. Bb2 h5 12. h3 b6 13. Nd4 Bb7 14. Nf3 Neg4 15. Re1 Bb4 16. a3 Bxc3 17. Bxc3 Nxf2 18. Be5 Nxd1 19. Bxc7 Nxe3 20. Bd3 Ned5 21. cxd5 Nxd5 22. Bd6 f6 23. Bg6+ Kd8 24. Rac1 Rh6 25. Be4 g5 26. Bf8 Rh8 27. Bg7 Rg8 28. Bxd5 Bxd5 29. Bxf6+ Ke8 30. Nd4 g4 31. h4 g3 32. Bg5 Kf7 33. Rc7 Kg6 34. Rxd7 Rac8 35. Nxe6 Rge8 36. Nf4+ Kf5 37. Rxd5+ Kg4 38. Nd3 Rxe1+ 39. Nxe1 Re8 40. Nf3 b5 41. Kf1 b4 42. axb4 a5 43. b5 a4 44. Rd4+ Kf5 45. bxa4 Rc8 46. Rd1 Kg4 47. b6 Rc5 48. b7 Rf5 49. Rd4+ Rf4 50. Rxf4# 1-0


[Site "https://www.chess.com"]

[Event "Titled Tuesday Blitz August 09 Early 2022"]
[White "Kaufman, Raymond"]
[Black "Bosnjak, Petar"]
[WhiteFideId "2015056"]
[BlackFideId "14532581"]
[WhiteElo "2321"]
[BlackElo "2135"]
[Result "0-1"]
[Round "03"]
[TimeControl "180+1"]
[Date "2022.08.09"]
[WhiteClock "0:00:22"]
[BlackClock "0:00:58"]

1. e4 c6 2. Nc3 d5 3. Nf3 dxe4 4. Nxe4 Nf6 5. Qe2 Nxe4 6. Qxe4 Nd7 7. Bc4 Nf6 8. Ne5 Nd5 9. O-O g6 10. d4 Bg7 11. c3 O-O 12. Qh4 Bf5 13. Bh6 e6 14. Qxd8 Rfxd8 15. Bxg7 Kxg7 16. g4 f6 17. gxf5 fxe5 18. fxe6 exd4 19. cxd4 Nb6 20. Bb3 Rxd4 21. Rad1 Rxd1 22. Rxd1 Re8 23. a4 a5 24. Kg2 Kf6 25. Re1 Ke7 26. Kg3 Rd8 27. Re5 Rd2 28. Rxa5 Rxb2 29. Bd1 Kxe6 30. h4 Nd5 31. Ra8 h5 32. Re8+ Ne7 33. Bf3 Kd7 34. Rb8 Nf5+ 35. Kh3 Kc7 36. Rg8 Rb3 0-1


[Site "https://www.chess.com"]

[Event "Titled Tuesday Blitz August 09 Early 2022"]
[White "Kazancev, Valerij M"]
[Black "Avalos Parra, Joao"]
[WhiteFideId "4179609"]
[BlackFideId "3402541"]
[WhiteElo "2545"]
[BlackElo "2173"]
[Result "1-0"]
[Round "03"]
[TimeControl "180+1"]
[Date "2022.08.09"]
[WhiteClock "0:00:19"]
[BlackClock "0:00:04"]

1. c4 e6 2. Nf3 Nf6 3. g3 b6 4. Bg2 Bb7 5. O-O c5 6. d3 Be7 7. a3 O-O 8. Nc3 d5 9. Rb1 d4 10. Na4 Qc7 11. Bf4 Bd6 12. Bxd6 Qxd6 13. b4 Nbd7 14. bxc5 Nxc5 15. Nxc5 Qxc5 16. Rb5 Qd6 17. Qb3 Bc6 18. Rb4 Nd7 19. Qb2 e5 20. Ng5 Bxg2 21. Kxg2 h6 22. Ne4 Qc6 23. f3 f5 24. Nf2 Rae8 25. a4 Nc5 26. a5 bxa5 27. Rb5 a4 28. Qa3 Rc8 29. Rfb1 Rf7 30. Ra5 Rb7 31. Rxb7 Nxb7 32. Rxe5 Nc5 33. Rxf5 a5 34. Rd5 Nb3 35. Ne4 Re8 36. h4 Rb8 37. Qe7 Rb7 38. Rd8+ Kh7 39. Qf8 Kg6 40. g4 Nc1 41. h5+ Kh7 42. Qh8# 1-0


[Site "https://www.chess.com"]

[Event "Titled Tuesday Blitz August 09 Early 2022"]
[White "Kostina, Nadezhda"]
[Black "Vovk, Orest"]
[WhiteFideId "4195876"]
[BlackFideId "14113490"]
[WhiteElo "1980"]
[BlackElo "2203"]
[Result "0-1"]
[Round "03"]
[TimeControl "180+1"]
[Date "2022.08.09"]
[WhiteClock "0:00:03"]
[BlackClock "0:00:59"]

1. e4 g5 2. d4 h6 3. Bc4 Bg7 4. h4 g4 5. Qxg4 Bxd4 6. Qh5 Rh7 7. Nf3 Nf6 8. Qb5 Nc6 9. c3 Bb6 10. Bf4 Nxe4 11. Qf5 Nf6 12. Bb3 d5 13. Qd3 Rg7 14. g3 Ne4 15. Be3 Bxe3 16. Qxe3 Rg6 17. Nbd2 Re6 18. O-O-O Nxg3 19. Qf4 Nxh1 20. Rxh1 Qd6 21. Qa4 Bd7 22. Bc2 O-O-O 23. Bf5 Rf6 24. Bd3 e5 25. Ne1 Rf4 0-1


[Site "https://www.chess.com"]

[Event "Titled Tuesday Blitz August 09 Early 2022"]
[White "Koutlas, Nikolaos"]
[Black "Agasarov, Benik"]
[WhiteFideId "25827138"]
[BlackFideId "13314823"]
[WhiteElo "1738"]
[BlackElo "2152"]
[Result "1/2-1/2"]
[Round "03"]
[TimeControl "180+1"]
[Date "2022.08.09"]
[WhiteClock "0:00:09"]
[BlackClock "0:00:29"]

1. e4 c6 2. Nc3 d5 3. Nf3 Bg4 4. h3 Bxf3 5. Qxf3 e6 6. d3 Bc5 7. g4 Ne7 8. Bg2 Nd7 9. O-O O-O 10. Qg3 Ng6 11. Kh1 Qh4 12. Ne2 Qxg3 13. Nxg3 Nh4 14. f4 Nxg2 15. Kxg2 a5 16. c3 dxe4 17. Nxe4 Be7 18. f5 exf5 19. Rxf5 g6 20. Rf2 Rfe8 21. Bh6 Nc5 22. Raf1 Nxe4 23. dxe4 Bf8 24. Bg5 h6 25. Bh4 g5 26. Bg3 Rxe4 27. Rxf7 Re2+ 28. R7f2 Rxf2+ 29. Rxf2 Re8 30. Bc7 a4 31. Bb6 Re1 32. Bd4 Ra1 33. b3 a3 34. Kf3 b5 35. Ke4 Rh1 36. Kf5 Bg7 37. Kg6 Bxd4 38. cxd4 Rxh3 39. Rf6 Rh4 40. Rxc6 Kf8 41. Kf5 Rh2 42. d5 Ke7 43. Ke5 Re2+ 44. Kd4 Rxa2 45. Ra6 Ra1 46. Kc5 a2 47. Kxb5 Kd7 48. Kb4 Rg1 49. Rxa2 Kd6 50. Ra6+ Kxd5 51. Rxh6 Rxg4+ 52. Kb5 Rg1 53. b4 g4 54. Rh5+ Kd4 55. Kc6 g3 56. b5 g2 57. Rd5+ Kc4 58. Rg5 Kb4 59. Kb7 Rh1 60. Rxg2 Kxb5 61. Rg5+ Kc4 62. Rg4+ Kd5 63. Rg5+ Ke6 64. Rg6+ Kf7 65. Rc6 Rb1+ 66. Rb6 Re1 67. Rc6 Re8 68. Rc7+ Ke6 69. Rc6+ Kd5 70. Rc7 Re6 71. Rc2 Re4 72. Rd2+ Kc5 73. Rc2+ Kb4 74. Rc6 Re5 75. Rc1 Rb5+ 76. Kc6 Rh5 77. Rg1 Rh6+ 78. Kd7 Rh7+ 79. Ke6 Kc5 80. Kf5 Kd5 81. Rd1+ Kc6 82. Rc1+ Kd7 83. Rd1+ Ke7 84. Ke5 Rh5+ 85. Kf4 Kf6 86. Rd6+ Ke7 87. Ra6 Rc5 88. Ke3 Rb5 89. Kd4 Rb7 90. Rh6 Rd7+ 91. Ke5 Kd8 92. Ke6 Kc7 93. Rh2 Rd6+ 94. Ke5 1/2-1/2


[Site "https://www.chess.com"]

[Event "Titled Tuesday Blitz August 09 Early 2022"]
[White "Kravtsiv, Martyn"]
[Black "Aldokhin, Ivan"]
[WhiteFideId "14113147"]
[BlackFideId "24115720"]
[WhiteElo "2694"]
[BlackElo "2246"]
[Result "1-0"]
[Round "03"]
[TimeControl "180+1"]
[Date "2022.08.09"]
[WhiteClock "0:00:19"]
[BlackClock "0:00:03"]

1. e4 c5 2. Nf3 e6 3. d4 cxd4 4. Nxd4 Nc6 5. Nc3 Qc7 6. Be2 a6 7. O-O Nf6 8. Be3 Nxd4 9. Bxd4 d6 10. a4 Be7 11. a5 Bd7 12. Bb6 Qb8 13. f4 Bc6 14. Bf3 O-O 15. Kh1 Nd7 16. Bf2 b5 17. axb6 Nxb6 18. Qe2 Qb7 19. Bd4 a5 20. f5 e5 21. Bf2 a4 22. Rfd1 Rfc8 23. Rab1 Be8 24. h3 Nc4 25. Nd5 Bd8 26. b3 Na3 27. Rb2 Nb5 28. bxa4 Rxa4 29. Rdb1 Qa6 30. Rxb5 Bxb5 31. Qxb5 Qxb5 32. Rxb5 h6 33. c3 Ra2 34. Be3 Bh4 35. Kh2 Rc2 36. Rb7 Ra8 37. Bh5 Rf8 38. Bd1 Ra2 39. Ra7 Ra1 40. Rxa1 Rc8 41. Ra7 Rf8 42. Bh5 Re8 43. Bxf7+ 1-0


[Site "https://www.chess.com"]